 Dungeon Crawl Stone Soup version 0.27-a0-1590-g15f69828bf (webtiles) character file.

Game seed: 3247274662175635841

735 Zonian the Conjurer (level 7, -5/35 HPs)
             Began as a Vine Stalker Conjurer on July 18, 2021.
             Slain by Pikel (8 damage)
             ... on level 5 of the Dungeon.
             The game lasted 00:09:09 (6562 turns).

Zonian the Conjurer (Vine Stalker Conjurer)         Turns: 6562, Time: 00:09:10

Health: -5/35      AC:  2    Str:  9    XL:     7   Next: 74%
Magic:  0/14       EV: 13    Int: 19    God:
Gold:   212        SH:  0    Dex: 14    Spells: 11/14 levels left

rFire    . . .     SeeInvis .   f - +2 dagger
rCold    . . .     Faith    .   (no shield)
rNeg     . . .     Spirit   +   a - +0 robe
rPois    .         Reflect  .   (no helmet)
rElec    .         Harm     .   (no cloak)
rCorr    .         Rampage  .   (no gloves)
Will     .....                  (no boots)
Stlth    +++.......             (no amulet)
HPRegen  1.11/turn              (no ring)
MPRegen  0.14/turn              (no ring)

@: no status effects
A: fangs 2, regeneration 1, magic shield, antimagic bite, no potion heal 2
a: no special abilities


You were on level 5 of the Dungeon.
You visited 1 branch of the dungeon, and saw 5 of its levels.

You collected 212 gold pieces.

Inventory:

Hand Weapons
 f - a +2 dagger (weapon)
Missiles
 e - 5 javelins
Armour
 a - a +0 robe (worn)
Magical Staves
 k - a staff of earth
Jewellery
 c - a ring of wizardry
Wands
 m - a wand of polymorph (5)
Scrolls
 h - a scroll of teleportation
 l - a scroll of amnesia
Potions
 b - 2 potions of curing {unknown}
 d - a potion of magic
 g - 2 potions of flight
 i - a potion of berserk rage {unknown}
 j - 2 potions of might {unknown}
 n - a potion of ambrosia {unknown}


   Skills:
 + Level 2.4 Fighting
 + Level 2.3 Short Blades
 + Level 3.0 Dodging
 + Level 4.7 Stealth
 + Level 4.0 Spellcasting
 + Level 5.8 Conjurations


You had 11 spell levels left.
You knew the following spells:

 Your Spells              Type           Power      Damage    Failure   Level
a - Magic Dart            Conj           100%       1d8       1%          1
b - Searing Ray           Conj           52%        3d5       1%          2

Your spell library contained the following spells:

 Spells                   Type           Power      Damage    Failure   Level
 Dazzling Flash           Conj/Hex       28%        N/A       12%         3
 Fulminant Prism          Conj/Hex       7%         3d7       38%         4
 Iskenderun's Mystic Bla  Conj/Tloc      14%        2d5       38%         4


Dungeon Overview and Level Annotations

Branches:
Dungeon (5/15)
 Temple: D:4-7

Altars:
Sif Muna
Wu Jian

Annotations:
D:4 Sigmund
D:5 Pikel


Innate Abilities, Weirdness & Mutations

You have extremely sharp teeth.
Your natural rate of healing is unusually fast.
When hurt, damage is shared between your health and your magic reserves.
Your bite disrupts and absorbs the magic of your enemies.
Potions cannot restore your health.


Message History

Pikel completely misses you.
Unknown command.
The searing ray misses Pikel.
Pikel says, "You'll freeze in Cocytus!"
Pikel barely misses you.
Unknown command.
The searing ray hits Pikel.
Pikel is almost dead.
The searing ray hits the lemure.
The lemure is lightly wounded.
You finish channeling your searing ray.
Pikel hits you with a +0 whip of freezing.
Pikel freezes you.
You hit Pikel but do no damage. Your bite misses Pikel.
Pikel is almost dead.
Pikel misses you.
You hit Pikel but do no damage. Your bite misses Pikel.
Pikel is almost dead.
Pikel hits you with a +0 whip of freezing.
Pikel freezes you.
Unknown command.
You hit Pikel but do no damage.
Pikel is almost dead.
Pikel hits you with a +0 whip of freezing!
Pikel freezes you.
Unknown command.
You hit Pikel. Your bite misses Pikel.
Pikel is almost dead.
Pikel hits you with a +0 whip of freezing!
* * * LOW HITPOINT WARNING * * *
Pikel freezes you.
* * * LOW HITPOINT WARNING * * *
Unknown command.
Okay, then.
You hit Pikel but do no damage.
Pikel is almost dead.
You hit Pikel.
Pikel is almost dead.
Pikel hits you with a +0 whip of freezing!
You die...

#.###.....# #.#
#........## #.#
###.###.##
#########.#
#.###[####.........#
#..........#########
#####.###### #5#
##K#######
#.@......#
#..#####.# ###..####
#.......# #.#..##.#
...#... # ### .....
##..... ##.#..O


You could see Pikel and a lemure.

Vanquished Creatures
  Grinder (D:4)
  An ogre (D:4)
  A lemure (D:5)
  A hound (D:5)
  3 orc priests
  2 iguanas (D:4)
  Natasha (thrice) (D:4)
  A killer bee zombie (D:5)
  A hound skeleton (D:4)
  A gnoll (D:3)
  4 adders
  A shadow imp (D:5)
  An ufetubus (D:5)
  An adder skeleton (D:4)
  3 worms
  12 orcs
  7 endoplasms
  3 giant cockroaches
  4 goblins
  7 hobgoblins
  6 jackals
  3 kobolds
  A quokka (D:1)
  7 ball pythons
  6 bats
  7 frilled lizards
  4 rats
92 creatures vanquished.

Vanquished Creatures (collateral kills)
  A dart slug (D:3)
  3 jackals (D:3)
  A frilled lizard (D:3)
5 creatures vanquished.

Vanquished Creatures (others)
  2 fungi (D:5)
2 creatures vanquished.

Grand Total: 99 creatures vanquished

Notes
Turn   | Place    | Note
-------+----------+-------------------------------------------
     0 | D:1      | Zonian the Vine Stalker Conjurer began the quest for the
                  | Orb.
     0 | D:1      | Reached XP level 1. HP: 9/9 MP: 4/4
   298 | D:1      | Reached XP level 2. HP: 13/13 MP: 1/6
   301 | D:1      | Learned a level 2 spell: Searing Ray
  1222 | D:1      | Reached XP level 3. HP: 16/16 MP: 5/7
  1891 | D:2      | Found a faded altar of an unknown god.
  2348 | D:2      | Gained mutation: Your natural rate of healing is unusually
                  | fast. [Vine Stalker growth]
  2348 | D:2      | Reached XP level 4. HP: 21/21 MP: 4/9
  3006 | D:2      | Reached skill level 5 in Conjurations
  3890 | D:3      | Reached XP level 5. HP: 21/25 MP: 1/10
  4395 | D:4      | Noticed Natasha
  4399 | D:4      | Killed Natasha
  4400 | D:4      | Reached skill level 1 in Fighting
  4408 | D:4      | Noticed Natasha
  4415 | D:4      | Killed Natasha
  4730 | D:4      | Noticed an ogre
  4739 | D:4      | Killed an ogre
  4740 | D:4      | Reached skill level 1 in Short Blades
  4740 | D:4      | Reached XP level 6. HP: 13/30 MP: 0/12
  4929 | D:4      | Found a shimmering blue altar of Sif Muna.
  5219 | D:4      | Found an ornate altar of the Wu Jian Council.
  5224 | D:4      | Noticed Sigmund
  5280 | D:4      | Noticed Grinder
  5295 | D:4      | Killed Grinder
  5296 | D:4      | Reached XP level 7. HP: 18/35 MP: 0/13
  5397 | D:4      | Noticed Natasha
  5936 | D:4      | Killed Natasha
  5976 | D:5      | Entered Level 5 of the Dungeon
  6545 | D:5      | Noticed Pikel
  6560 | D:5      | HP: 1/35 [Pikel (3)]
  6562 | D:5      | Slain by Pikel

Illustrated notes

Levels and vault maps discovered:
D:1:      minmay_arrival_doors, layout_basic
D:2:      layout_loops_ring, chequers_ecumenical_altar_island
D:3:      layout_basic
D:4:      layout_basic, mainiacjoe_overflow_six_doors_small,
          kennysheep_mini_moat, uniq_natasha, uniq_grinder, uniq_sigmund
D:5:      layout_loops_corners, old_standard_altar, uniq_crazy_yiuf_cottage,
          uniq_pikel

Skill      XL: |  1  2  3  4  5  6  7 |
---------------+----------------------+-----
Conjurations   | 5 |  5.8
Dodging        | 2 3 |  3.0
Stealth        | 3 4 |  4.7
Spellcasting   | 3 4 |  4.0
Fighting       | 1 2 |  2.4
Short Blades   | 1 2 |  2.3

Action                   |  1- 3 |  4- 6 |  7- 9 || total
-------------------------+-------+-------+-------++-------
Melee: Unarmed           |     2 |       |       ||     2
       Bite              |     4 |    14 |     1 ||    19
       Dagger            |    12 |    70 |    25 ||   107
 Cast: Magic Dart        |    67 |    78 |    25 ||   170
       Searing Ray       |     1 |     9 |     7 ||    17
  Use: Scroll            |       |     8 |       ||     8
 Stab: Sleeping          |     2 |     2 |     1 ||     5
Armor: Robe              |     1 |    10 |     7 ||    18
Dodge: Dodged            |    13 |    76 |    25 ||   114

Table legend: (Time is in decaauts)
 A = Elapsed time spent in this place.
 B = Non-inter-level travel time spent in this place.
 C = Inter-level travel time spent in this place.
 D = Time resting spent in this place.
 E = Time spent auto-exploring this place.
 F = Levels seen in this place.
 G = Mean time per level.
                   A        B        C        D        E       F      G
               +--------+--------+--------+--------+--------+-----+--------+
         Total |   6566 |   6418 |    148 |   3081 |   2311 |   5 | 1313.2 |
       Dungeon |   6566 |   6418 |    148 |   3081 |   2311 |   5 | 1313.2 |
               +--------+--------+--------+--------+--------+-----+--------+

Top non-repeatable levels by time:
     D:1: 1785 daAuts
     D:2: 1594 daAuts
     D:4: 1585 daAuts
     D:3: 1018 daAuts
     D:5: 583 daAuts
